 Dungeon Crawl Stone Soup version 0.32-a0-18-g89e19f1974 (webtiles) character file.

Game seed: 12886216305375949035

139 Malachi the Chopper (level 5, -1/37 HPs)
             Began as a Gnoll Wanderer on Jan 16, 2024.
             Slain by Crazy Yiuf
             ... wielding a +3 quarterstaff of chaos
              (10 damage)
             ... on level 3 of the Dungeon.
             The game lasted 00:03:08 (2127 turns).

Malachi the Chopper (Gnoll Wanderer)                Turns: 2127, Time: 00:03:09

Health: -1/37      AC:  8    Str: 15    XL:     5   Next: 22%
Magic:  12/12      EV:  9    Int: 10    God:
Gold:   150        SH:  0    Dex: 11    Spells: 13/14 levels left

rFire   . . .        a - +2 hand axe
rCold   . . .        (no shield)
rNeg    . . .        b - +0 scale mail
rPois   .            (no helmet)
rElec   .            l - +0 cloak
rCorr   .            (no gloves)
SInv    .            (no boots)
Will    .....        (no amulet) Stlth
                     (no ring)
HPRegen 0.26/turn    (no ring)
MPRegen 0.13/turn

%: no passive effects
@: lethally poisoned (-1 -> -5)
A: fangs 1, strong nose, distributed training
a: no special abilities


You were on level 3 of the Dungeon.
You visited 1 branch of the dungeon, and saw 3 of its levels.

You collected 150 gold pieces.

Inventory:

Hand Weapons
 a - a +2 hand axe (weapon)
Armour
 b - a +0 scale mail (worn)
 k - a scarf of invisibility
 l - a +0 cloak (worn)
Scrolls
 c - a scroll of fog
 d - a scroll of enchant armour {unknown}
 e - 2 scrolls of identify {unknown}
 f - a scroll of noise {unknown}
 i - a scroll of fear {unknown}
 j - a scroll of teleportation {unknown}
Potions
 g - 2 potions of enlightenment {unknown}
 h - a potion of attraction {unknown}
 m - a potion of degeneration {unknown}


   Skills:
 + Level 1.4 Fighting
 + Level 1.4 Short Blades
 + Level 1.4 Long Blades
 + Level 6.7 Axes
 + Level 1.4 Maces & Flails
 + Level 1.4 Polearms
 + Level 1.4 Staves
 + Level 1.4 Ranged Weapons
 + Level 1.4 Throwing
 + Level 4.8 Armour
 + Level 1.4 Dodging
 + Level 1.4 Stealth
 + Level 1.4 Shields
 + Level 1.4 Unarmed Combat
 + Level 5.2 Spellcasting
 + Level 1.1 Conjurations
 + Level 1.1 Hexes
 + Level 1.1 Summonings
 + Level 1.1 Necromancy
 + Level 1.1 Translocations
 + Level 2.4 Fire Magic
 + Level 1.1 Ice Magic
 + Level 1.1 Air Magic
 + Level 1.1 Earth Magic
 + Level 1.1 Alchemy
 + Level 1.6 Invocations
 + Level 4.8 Evocations
 + Level 1.3 Shapeshifting


You had 13 spell levels left.
You knew the following spells:

 Your Spells              Type           Power      Damage    Failure   Level
a - Foxfire               Conj/Fire      24%        2x1d5     36%         1

Your spell library contained the following spells:

 Spells                   Type           Power      Damage    Failure   Level
 Volatile Blastmotes      Fire/Tloc      12%        2d11      75%         3


Dungeon Overview and Level Annotations

Branches:
Dungeon (3/15)

Altars:
Qazlal

Shops:
D:3 =

Annotations:
D:3 Crazy Yiuf


Innate Abilities, Weirdness & Mutations

You have very sharp teeth.
Your uncanny sense of smell can sniff out nearby items.
Your experience applies equally to all skills.


Message History

You open the door. You open the door.
There is an open door here.
You now have 150 gold pieces (gained 13).
You open the door.
There is an open door here.
There is an open door here.
There is an open door here.
You see here 2 stones.
Key pressed, stopping explore.
There is an open door here.
Crazy Yiuf shouts!
Could not explore, unopened runed door.
Could not explore, unopened runed door.
Could not explore, unopened runed door.
No reachable target in view!
You open the door. You barely miss Crazy Yiuf.
You bite Crazy Yiuf, but do no damage.
Crazy Yiuf hits you with a +3 quarterstaff of chaos!
You barely miss Crazy Yiuf. You bite Crazy Yiuf, but do no damage.
Crazy Yiuf closely misses you.
You hit Crazy Yiuf but do no damage.
Crazy Yiuf hits you with a +3 quarterstaff of chaos.
You are electrocuted!
You are too injured to fight recklessly!
You hit Crazy Yiuf.
Crazy Yiuf is lightly wounded.
Crazy Yiuf hits you with a +3 quarterstaff of chaos.
* * * LOW HITPOINT WARNING * * *
You are poisoned.
You hit Crazy Yiuf.
Crazy Yiuf is moderately wounded.
You feel sick.
Crazy Yiuf says, "Castle pontify bag!"
Crazy Yiuf closely misses you.
You hit Crazy Yiuf.
Crazy Yiuf is heavily wounded.
You feel sick.
Crazy Yiuf hits you with a +3 quarterstaff of chaos!
You die...

............'............##
............'#............#
................#########.#
.........######## #.#
......)### #.# .......#
♣♣♣♣♣##.## .......# ###
♣♣♣.♣...#..# .......#
#...#♣..♣.......# .......#
#...g@♣♣♣♣......# .......#
#)..#♣♣ ♣♣..#.## ########
### ♣♣#### ### #.#
#########.# ..........#


You could see Crazy Yiuf.

Vanquished Creatures
  A hound (D:3)
  Terence (D:3)
  An adder (D:2)
  2 ribbon worms (D:2)
  3 dart slugs
  An orc (D:3)
  7 endoplasms
  3 giant cockroaches
  5 goblins
  7 hobgoblins
  3 quokkas
  3 ball pythons
  8 bats
  7 frilled lizards
  4 kobolds
  6 rats
62 creatures vanquished.

Notes
Turn   | Place    | Note
-------+----------+-------------------------------------------
     0 | D:1      | Malachi the Gnoll Wanderer began the quest for the Orb.
     0 | D:1      | Malachi set off with the following items: a +2 hand axe, a
                  | +0 scale mail, a scroll of fog; and the following spell
                  | memorised: Foxfire; and the following spells available to
                  | memorise: Volatile Blastmotes.
     0 | D:1      | Reached XP level 1. HP: 13/13 MP: 6/6
   170 | D:1      | Reached XP level 2. HP: 16/19 MP: 7/7
   583 | D:1      | Reached skill level 5 in Spellcasting
   583 | D:1      | Reached XP level 3. HP: 25/25 MP: 7/9
   837 | D:2      | Found a stormy altar of Qazlal.
   846 | D:2      | Reached skill level 1 in Invocations
   939 | D:2      | Reached skill level 1 in Fighting
   939 | D:2      | Reached skill level 1 in Short Blades
   939 | D:2      | Reached skill level 1 in Long Blades
   939 | D:2      | Reached skill level 1 in Maces & Flails
   939 | D:2      | Reached skill level 1 in Polearms
   939 | D:2      | Reached skill level 1 in Staves
   939 | D:2      | Reached skill level 1 in Ranged Weapons
   939 | D:2      | Reached skill level 1 in Throwing
   939 | D:2      | Reached skill level 1 in Dodging
   939 | D:2      | Reached skill level 1 in Stealth
   939 | D:2      | Reached skill level 1 in Shields
   939 | D:2      | Reached skill level 1 in Unarmed Combat
  1128 | D:2      | Reached skill level 1 in Shapeshifting
  1128 | D:2      | Reached XP level 4. HP: 31/32 MP: 11/11
  1286 | D:3      | Reached skill level 1 in Conjurations
  1286 | D:3      | Reached skill level 1 in Hexes
  1286 | D:3      | Reached skill level 1 in Summonings
  1286 | D:3      | Reached skill level 1 in Necromancy
  1286 | D:3      | Reached skill level 1 in Translocations
  1286 | D:3      | Reached skill level 1 in Ice Magic
  1286 | D:3      | Reached skill level 1 in Air Magic
  1286 | D:3      | Reached skill level 1 in Earth Magic
  1286 | D:3      | Reached skill level 1 in Alchemy
  1398 | D:3      | Found a runed translucent door.
  1399 | D:3      | Noticed Crazy Yiuf
  1599 | D:3      | Found Ukkunekh's Jewellery Shoppe.
  1692 | D:3      | Noticed Terence
  1704 | D:3      | Killed Terence
  1705 | D:3      | Reached XP level 5. HP: 28/37 MP: 12/12
  2127 | D:3      | Slain by Crazy Yiuf

Illustrated notes

Levels and vault maps discovered:
D:1:      co_arrival_random_square_maze, layout_loops_cross
D:2:      layout_rooms, basic_altar
D:3:      layout_basic, serial_shops, nicolae_shop_gaudy_bauble,
          solitary_fountain, minmay_fountain_box, nicolae_the_louvre,
          uniq_terence, uniq_crazy_yiuf_cottage

Skill      XL: |  1  2  3  4 |
---------------+-------------+-----
Fire Magic     | 2 |  2.4
Spellcasting   | 5 |  5.2
Invocations    | 1 |  1.6
Fighting       | 1 |  1.4
Short Blades   | 1 |  1.4
Long Blades    | 1 |  1.4
Maces & Flails | 1 |  1.4
Polearms       | 1 |  1.4
Staves         | 1 |  1.4
Ranged Weapons | 1 |  1.4
Throwing       | 1 |  1.4
Dodging        | 1 |  1.4
Stealth        | 1 |  1.4
Shields        | 1 |  1.4
Unarmed Combat | 1 |  1.4
Shapeshifting  | 1 |  1.3
Conjurations   | 1 |  1.1
Hexes          | 1 |  1.1
Summonings     | 1 |  1.1
Necromancy     | 1 |  1.1
Translocations | 1 |  1.1
Ice Magic      | 1 |  1.1
Air Magic      | 1 |  1.1
Earth Magic    | 1 |  1.1
Alchemy        | 1 |  1.1
Axes           | |  6.7
Armour         | |  4.8
Evocations     | |  4.8

Action                     |  1- 3 |  4- 6 || total
---------------------------+-------+-------++-------
  Melee: Hand axe          |   104 |    69 ||   173
         Bite              |     2 |     6 ||     8
         Punch             |     2 |       ||     2
 Armour: Scale mail        |    75 |    49 ||   124
  Dodge: Dodged            |    51 |    31 ||    82

Table legend: (Time is in decaauts)
 A = Elapsed time spent in this place.
 B = Non-inter-level travel time spent in this place.
 C = Inter-level travel time spent in this place.
 D = Time resting spent in this place.
 E = Time spent auto-exploring this place.
 F = Levels seen in this place.
 G = Mean time per level.
                   A        B        C        D        E       F      G
               +--------+--------+--------+--------+--------+-----+--------+
         Total |   2122 |   2093 |     29 |      0 |   1703 |   3 |  707.3 |
       Dungeon |   2122 |   2093 |     29 |      0 |   1703 |   3 |  707.3 |
               +--------+--------+--------+--------+--------+-----+--------+

Top non-repeatable levels by time:
     D:3: 861 daAuts
     D:1: 804 daAuts
     D:2: 457 daAuts
